 Dungeon Sprint DCSS version 0.28.0-53-g5a82cb258f (webtiles) character file.

Game seed: 8830427496820341931

14646 Zeld the Warrior (level 11, -4/126 HPs)
             Began as a Minotaur Berserker on June 5, 2022.
             Was the Champion of Trog.
             Slain by an orc knight
             ... wielding a +0 great sword
              (10 damage)
             ... in the Dungeon (Sprint IX: "|||||||||||||||||||||||||||||").
             The game lasted 00:03:06 (3375 turns).

Zeld the Warrior (Minotaur Berserker)               Turns: 3375, Time: 00:03:07

Health: -4/126     AC: 23    Str: 26    XL:     11   Next: 91%
Magic:  10/10      EV: 13    Int:  4    God:    Trog [******]
Gold:   728        SH:  0    Dex: 10    Spells: 10/10 levels left

rFire   . . .      SeeInvis .   q - +7 broad axe (vorpal)
rCold   . . .      Faith    .   (no shield)
rNeg    . . .      Spirit   .   m - +1 chain mail
rPois   .          Reflect  .   (helmet restricted)
rElec   .          Harm     .   k - +2 cloak
rCorr   .          Rampage  .   l - +2 pair of gloves
Will    .....      NoTele   +   t - +0 pair of boots
Stlth   ..........              (no amulet)
HPRegen 0.31/turn               (no ring)
MPRegen 0.12/turn               (no ring)

@: on berserk cooldown, slowed, very slow
A: horns 2, retaliatory headbutt
a: Renounce Religion, Berserk, Trog's Hand, Brothers in Arms


You were in the Dungeon.
You worshipped Trog.
Trog was exalted by your worship.
You visited 1 branch You collected 728 gold pieces.

Inventory:

Hand Weapons
 a - a +0 executioner's axe
 n - a +1 battleaxe of flaming
 q - a +7 vorpal broad axe (weapon)
Armour
 k - a +2 cloak (worn)
 l - a +2 pair of gloves (worn)
 m - a +1 chain mail (worn)
 t - a +0 pair of boots (worn)
Wands
 j - a wand of acid (10)
 o - a wand of mindburst (18)
 u - a wand of charming (10)
Scrolls
 b - 2 scrolls of fog
 h - a scroll of blinking
 r - a scroll of magic mapping
 s - a scroll of identify
Potions
 c - 5 potions of curing
 d - 5 potions of heal wounds
 e - 4 potions of haste
 f - 4 potions of magic
 g - 2 potions of berserk rage
 i - a potion of invisibility
 p - a potion of flight


   Skills:
 * Level 20.9 Fighting
 * Level 20.8 Axes
 + Level 15.0 Armour
 + Level 14.0 Dodging


You had 10 spell levels left.
You didn't know any spells.
Your spell library was empty.

Dungeon Overview and Level Annotations

Branches:
Dungeon (1/1)

Altars:
Cheibriados
Dithmenos
Elyvilon
Fedhas
Gozag
Hepliaklqana
Kikubaaqudgha
Makhleb
Nemelex Xobeh
Okawaru
Qazlal
Ru
Sif Muna
Trog
Uskayaw
Vehumet
Wu Jian
Xom
Yredelemnul
Zin
The Shining One
Beogh
Jiyva
Lugonu

Shops:
D =(*!


Innate Abilities, Weirdness & Mutations

You have a pair of horns on your head.
You reflexively headbutt those who attack you in melee.


Message History

The orc high priest shouts!
You open the neqoxec like a pillowcase!!!
You kill the neqoxec!
The neqoxec disappears in a puff of smoke!
Unknown command.
Found Bookhlat's Assorted Antiques.
The orc knight no longer looks unusually strong.
The orc high priest hits you with a +0 war axe.
Items here: $ ) [ †.
Unknown command.
You slice the orc high priest!! You headbutt the orc high priest!
The orc high priest is almost dead.
You completely miss the orc high priest.
The orc high priest is almost dead.
The orc high priest barely misses you.
You carve the orc high priest like a ham!!!
You kill the orc high priest!
Trog accepts your kill.
The ice devil disappears in a puff of smoke!
The orc knight unwields a +0 great sword.
The orc knight wields a +0 arbalest.
The orc knight shoots a bolt.
The bolt hits you!
* * * LOW HITPOINT WARNING * * *
Your Armour skill increases to level 15!
Your Dodging skill increases to level 14!
Things that are here:
a +0 war axe; 100 gold pieces; an orc corpse
Found Mown's Distillery.
You feel a strong urge to attack something.
You are no longer berserk.
You are exhausted.
You feel yourself slow down.
The orc knight unwields a +0 arbalest.
The orc knight wields a +0 great sword.
The orc knight hits you with a +0 great sword!!
* * * LOW HITPOINT WARNING * * *
You see here 50 gold pieces.
You slice the orc knight!! You headbutt the orc knight.
The orc knight is heavily wounded.
The orc knight hits you with a +0 great sword!
You die...

▓▓▓▓▓▓▓▓▓▓▓▓▓▓▓▓▓▓▓▓▓▓▓▓
)))........)))))@oo∩.∩.∩
▓▓▓▓▓▓▓▓▓▓▓▓▓▓▓▓▓▓▓▓▓▓▓▓▓▓▓▓▓▓▓▓▓
)................................
▓▓▓▓▓▓▓▓▓▓▓▓▓▓▓▓▓▓▓▓▓▓▓▓▓▓▓▓▓▓▓▓▓
..†††.......'.†..........'..[.[[.
▓▓▓▓▓▓▓▓▓▓▓▓▓▓▓▓▓▓▓▓▓▓▓▓▓▓▓▓▓▓▓▓▓
.................................
▓▓▓▓▓▓▓▓▓▓▓▓▓▓▓▓▓▓▓▓▓▓▓▓▓▓▓▓▓▓▓▓▓
____________'.?))..[)=').....[))(


You could see an orc knight and an orc high priest (strong).

Vanquished Creatures
  2 centaur warriors (D)
  7 orc high priests (D)
  2 lindwurms (D)
  4 orc knights (D)
  A cyclops (D)
  Joseph (D)
  A cane toad (D)
  5 komodo dragons (D)
  A rime drake (D)
  A tengu conjurer (D)
  A meliai (shapeshifter) (D)
  2 tyrant leeches (D)
  A blink frog (D)
  A wraith (D)
  4 yaks (D)
  A basilisk (D)
  A vampire mosquito (D)
  3 water moccasins (D)
  An acid dragon (D)
  7 orc warriors (D)
  2 wolves (D)
  A centaur (D)
  A bullfrog (D)
  A killer bee (D)
  3 orc priests (D)
  2 orc wizards (D)
  An adder (D)
  4 worms (D)
  A dart slug (D)
  6 orcs (D)
  An endoplasm (D)
  A goblin (D)
  2 ball python skeletons (D)
  A frilled lizard (D)
  2 rats (D)
76 creatures vanquished.

Vanquished Creatures (collateral kills)
  A two-headed ogre (D)
  4 orc warriors (D)
  An orc (D)
6 creatures vanquished.

Grand Total: 82 creatures vanquished

Notes
Turn   | Place    | Note
-------+----------+-------------------------------------------
     0 | D        | Zeld the Minotaur Berserker began the quest for the Orb.
     0 | D        | Reached XP level 1. HP: 19/19 MP: 0/0
    10 | D        | Reached ** piety under Trog
   319 | D        | Reached *** piety under Trog
   328 | D        | Reached skill level 5 in Fighting
   328 | D        | Reached skill level 5 in Axes
   328 | D        | Reached XP level 2. HP: 5/29 MP: 1/1
   331 | D        | HP: 1/29 [poisoned by an adder]
   797 | D        | Found a snail-covered altar of Cheibriados.
   797 | D        | Found a shadowy altar of Dithmenos.
   797 | D        | Found a white marble altar of Elyvilon.
   797 | D        | Found a blossoming altar of Fedhas.
   797 | D        | Found an opulent altar of Gozag.
   886 | D        | Found a hazy altar of Hepliaklqana.
   887 | D        | Found a viscous altar of Jiyva.
   888 | D        | Found an ancient bone altar of Kikubaaqudgha.
   889 | D        | Found a corrupted altar of Lugonu.
   890 | D        | Found a burning altar of Makhleb.
   891 | D        | Found a sparkling altar of Nemelex Xobeh.
   892 | D        | Found an iron altar of Okawaru.
   893 | D        | Found a stormy altar of Qazlal.
   894 | D        | Found a sacrificial altar of Ru.
   895 | D        | Found a shimmering blue altar of Sif Muna.
   896 | D        | Found a bloodstained altar of Trog.
   897 | D        | Found a hide-covered altar of Uskayaw.
   898 | D        | Found a radiant altar of Vehumet.
   899 | D        | Found an ornate altar of the Wu Jian Council.
   900 | D        | Found a shimmering altar of Xom.
   901 | D        | Found a basalt altar of Yredelemnul.
   902 | D        | Found a glowing silver altar of Zin.
   903 | D        | Found a glowing golden altar of the Shining One.
  1054 | D        | Noticed a killer bee
  1054 | D        | Noticed a wraith
  1054 | D        | Noticed a centaur
  1054 | D        | Noticed a vampire mosquito
  1054 | D        | Noticed a yak
  1054 | D        | Noticed a two-headed ogre
  1056 | D        | Killed a killer bee
  1057 | D        | Reached XP level 3. HP: 38/38 MP: 2/2
  1058 | D        | Killed a wraith
  1058 | D        | Reached **** piety under Trog
  1059 | D        | Reached skill level 5 in Dodging
  1059 | D        | Reached XP level 4. HP: 49/49 MP: 3/3
  1059 | D        | Reached XP level 5. HP: 56/56 MP: 4/4
  1061 | D        | Killed a centaur
  1062 | D        | Reached XP level 6. HP: 64/64 MP: 5/5
  1065 | D        | Killed a vampire mosquito
  1066 | D        | Reached skill level 10 in Fighting
  1066 | D        | Reached skill level 10 in Axes
  1070 | D        | Killed a yak
  1071 | D        | Reached XP level 7. HP: 52/74 MP: 6/6
  1074 | D        | Killed a two-headed ogre
  1075 | D        | Reached XP level 8. HP: 22/85 MP: 7/7
  1287 | D        | Noticed a centaur warrior
  1287 | D        | Noticed a culicivora
  1287 | D        | Noticed a tengu conjurer
  1287 | D        | Noticed a centaur warrior
  1287 | D        | Noticed a cyclops
  1289 | D        | a culicivora changed into a golden eye
  1290 | D        | Noticed a meliai
  1290 | D        | a golden eye changed into a meliai
  1296 | D        | Killed a centaur warrior
  1297 | D        | Reached skill level 10 in Armour
  1300 | D        | Killed a meliai
  1300 | D        | Reached ***** piety under Trog
  1301 | D        | Reached XP level 9. HP: 79/96 MP: 8/8
  1302 | D        | Killed a tengu conjurer
  1304 | D        | Killed a centaur warrior
  1305 | D        | Reached skill level 15 in Fighting
  1305 | D        | Reached skill level 15 in Axes
  1305 | D        | Reached skill level 10 in Dodging
  1307 | D        | Killed a cyclops
  1848 | D        | Noticed a komodo dragon
  1850 | D        | Received a gift from Trog
  1864 | D        | Killed a komodo dragon
  1865 | D        | Reached XP level 10. HP: 89/108 MP: 9/9
  1870 | D        | Received a gift from Trog
  2035 | D        | Noticed a cane toad
  2049 | D        | Killed a cane toad
  2052 | D        | Received a gift from Trog
  2054 | D        | Reached ****** piety under Trog
  2090 | D        | Noticed a lindwurm
  2090 | D        | Noticed a lindwurm
  2099 | D        | Killed a lindwurm
  2107 | D        | Killed a lindwurm
  2109 | D        | Received a gift from Trog
  2487 | D        | Noticed Joseph
  2498 | D        | Killed Joseph
  2499 | D        | Reached XP level 11. HP: 93/121 MP: 10/10
  2730 | D        | Received a gift from Trog
  2736 | D        | Noticed an orc high priest
  2746 | D        | Killed an orc high priest
  2839 | D        | Noticed an orc knight
  2839 | D        | Noticed an orc knight
  2848 | D        | Killed an orc knight
  2852 | D        | Received a gift from Trog
  2857 | D        | Killed an orc knight
  2876 | D        | Received a gift from Trog
  3321 | D        | Found Yceacs's Jewellery Emporium.
  3321 | D        | Noticed an orc high priest
  3321 | D        | Noticed an orc high priest
  3321 | D        | Noticed an orc high priest
  3321 | D        | Noticed an orc high priest
  3321 | D        | Noticed an orc high priest
  3325 | D        | Killed an orc high priest
  3328 | D        | Noticed an orc knight
  3329 | D        | Killed an orc high priest
  3334 | D        | Killed an orc high priest
  3335 | D        | Noticed an orc knight
  3338 | D        | Killed an orc high priest
  3345 | D        | Killed an orc high priest
  3345 | D        | Identified the +11 dagger of Forgiveness {antimagic, rF+
                  | Dex+2} (Trog gifted it to you in the Dungeon)
  3345 | D        | Received a gift from Trog
  3346 | D        | Found Kiyll's Weapon Shoppe.
  3348 | D        | Noticed an orc high priest
  3353 | D        | Noticed an orc knight
  3360 | D        | Killed an orc knight
  3365 | D        | Killed an orc knight
  3367 | D        | Noticed an orc high priest
  3369 | D        | Found Bookhlat's Assorted Antiques.
  3372 | D        | Killed an orc high priest
  3373 | D        | Reached skill level 15 in Armour
  3374 | D        | Found Mown's Distillery.
  3374 | D        | HP: 5/126 [orc knight/+0 great sword (26)]
  3375 | D        | Slain by an orc knight

Illustrated notes

Levels and vault maps discovered:
D:        linesprint [early_d, line_temple, items_1, d_10, items_2, lair_1,
          lair_end, items_3, orc_1, orc_end, items_4, d_15, swamp_1, shoals_1,
          snake_1, spider_1, d_20, vaults_1, items_5, swamp_end, shoals_end,
          snake_end, spider_end, vaults_end, d_27, items_6, zot_1, zot_end,
          crypt_end, forest_end, elf_end, slime_end, tomb_end, abyss_end,
          pan_hell_end]

Skill      XL: |  1  2  3  4  5  6  7  8  9 10 11 |
---------------+----------------------------------+-----
Fighting       | 5 6 8 9 11 12 14 16 18 20 | 20.9
Axes           | 5 6 8 9 11 12 14 16 18 20 | 20.8
Armour         | 3 4 6 7 9 10 11 13 15 | 15.0
Dodging        | 3 5 6 7 8 9 10 12 14 | 14.0

Action                   |  1- 3 |  4- 6 |  7- 9 | 10-12 || total
-------------------------+-------+-------+-------+-------++-------
Melee: Hand axe          |    25 |       |       |       ||    25
       Headbutt          |     4 |     3 |    11 |    30 ||    48
       War axe           |     3 |    11 |    32 |    15 ||    61
       Battleaxe         |       |       |       |    52 ||    52
       Broad axe         |       |       |       |    84 ||    84
Invok: Berserk           |     1 |       |     1 |     2 ||     4
       Brothers in Arms  |       |       |     1 |     2 ||     3
  Use: Scroll            |       |       |     5 |     1 ||     6
Armor: Animal skin       |     4 |       |       |       ||     4
       Chain mail        |     1 |     4 |    21 |    37 ||    63
Dodge: Dodged            |    13 |     4 |     7 |    43 ||    67
